 Dungeon Crawl Stone Soup version 0.30-a0-847-g17996783a1 (webtiles) character file.

Game seed: 15149466335699288598

36565 jasper the Thaumaturge (level 13, 0/99 HPs)
             Began as a Demonspawn Air Elementalist on Mar 3, 2023.
             Was a High Priest of Vehumet.
             Slain by an orc warrior
             ... wielding a +0 war axe
             ... led by an orc warlord
              (10 damage)
             ... while paralysed by an orc sorcerer
             ... on level 2 of the Orcish Mines.
             The game lasted 00:30:54 (19207 turns).

jasper the Thaumaturge (DsAE)                      Turns: 19207, Time: 00:30:55

Health: 0/99       AC:  7    Str: 10    XL:     13   Next: 53%
Magic:  4/28       EV:  2    Int: 26    God:    Vehumet [*****.]
Gold:   842        SH:  0    Dex: 14    Spells: 12/35 levels left

rFire   . . .      SeeInvis .    X - staff of air
rCold   . . .      Faith    .    (no shield)
rNeg    + . .      Spirit   .    C - +0 robe {rN+}
rPois   +          Reflect  .    (helmet restricted)
rElec   +          Rampage  .    W - +2 cloak
rCorr   .                        i - +1 pair of gloves
Will    .....                    (no boots)
Stlth   ++                       x - amulet of regeneration
HPRegen 1.16/turn                k - ring of poison resistance
MPRegen 0.21/turn                R - +6 ring of intelligence

@: paralysed, lethally poisoned (0 -> -1), very slightly contaminated
A: horns 2, repulsion field 2, spiny 1, condensation shield
a: Renounce Religion


You were on level 2 of the Orcish Mines.
You worshipped Vehumet.
Vehumet was extremely pleased with you.
You visited 4 branches of the dungeon, and saw 19 of its levels.

You collected 1154 gold pieces.
You spent 312 gold pieces at shops.

Inventory:

Hand Weapons
 d - a +0 dagger
 g - a +2 rapier of venom
 h - a +0 falchion of freezing
 m - a +1 rapier
 q - the +8 spear "Tuatuynk" {vamp, rF+ rC+ Int+3}
   (You found it on level 2 of the Dungeon)

   Int:       It affects your intelligence (+3).
   rF:        It protects you from fire.
   rC:        It protects you from cold.
Missiles
 b - 3 throwing nets
 p - 8 datura-tipped darts
 t - 9 javelins
 E - 3 curare-tipped darts
 I - 4 silver javelins
Armour
 a - a +0 robe
 i - a +1 pair of gloves (worn)
 C - a +0 robe of positive energy (worn)
 N - a scarf of harm
 S - the +3 leather armour of Crawling {rF+}
   (You found it on level 2 of the Lair of Beasts)

   rF:        It protects you from fire.
 W - a +2 cloak (worn)
Magical Staves
 X - a staff of air (weapon)
Jewellery
 k - a ring of poison resistance (left hand)
 o - a ring of protection from fire
 x - an amulet of regeneration (around neck)
 R - a +6 ring of intelligence (right hand)
 V - a +6 ring of dexterity
 Y - a ring of ice
Wands
 e - a wand of charming (10)
 y - a wand of roots (16)
 F - a wand of flame (30)
 Q - a wand of polymorph (2)
 Z - a wand of light (4)
Scrolls
 c - 3 scrolls of identify
 f - 3 scrolls of blinking
 j - 8 scrolls of teleportation
 n - 4 scrolls of poison
 A - 4 scrolls of fog
 B - 2 scrolls of enchant armour
 H - a scroll of brand weapon
 L - a scroll of noise
 O - 2 scrolls of enchant weapon
 U - 4 scrolls of vulnerability
Potions
 l - 2 potions of brilliance
 r - 3 potions of degeneration
 s - 4 potions of haste
 u - a potion of mutation
 v - 2 potions of flight
 w - 3 potions of might
 z - 8 potions of curing
 D - a potion of lignification
 G - a potion of resistance
 K - a potion of berserk rage
Miscellaneous
 M - a phantom mirror


   Skills:
 + Level 8.7 Fighting
 + Level 8.2 Dodging
 - Level 1.7 Stealth
 + Level 11.5 Spellcasting
 - Level 9.0 Conjurations
 - Level 7.4 Necromancy
 - Level 11.3 Air Magic


You had 12 spell levels left.
You knew the following spells:

 Your Spells              Type           Power      Damage    Failure   Level
a - Shock                 Conj/Air       100%       1d9       1%          1
b - Static Discharge      Conj/Air       100%       2-7/arc   1%          2
c - Swiftness             Air            84%        N/A       1%          3
d - Airstrike             Air            42%        2d(6-22)  1%          4
e - Passwall              Tmut/Erth      12%        N/A       6%          2
f - Olgreb's Toxic Radia  Pois           15%        N/A       11%         4
g - Sublimation of Blood  Necr           52%        N/A       1%          2
h - Fireball              Conj/Fire      19%        3d9       4%          5

Your spell library contained the following spells:

 Spells                   Type           Power      Damage    Failure   Level
 Fulminant Prism          Conj/Hex       19%        3d10      1%          4
 Necrotise                Necr           100%       1d9       1%          1
 Sandblast                Erth           30%        2d9       1%          1
 Poisonous Vapours        Pois/Air       100%       N/A       1%          2
 Stone Arrow              Conj/Erth      76%        3d11      1%          3
 Vampiric Draining        Necr           52%        2d9       1%          3
 Sting                    Tmut/Pois      60%        1d6       4%          1
 Summon Small Mammal      Summ           60%        N/A       4%          1
 Agony                    Necr           52%        N/A       4%          5
 Irradiate                Conj/Tmut      19%        3d18      4%          5
 Ensorcelled Hibernation  Hex/Ice        30%        N/A       6%          2
 Wereblood                Tmut           15%        N/A       6%          2
 Call Canine Familiar     Summ           15%        N/A       12%         3
 Summon Guardian Golem    Hex/Summ       15%        N/A       12%         3
 Borgnjor's Vile Clutch   Necr/Erth      17%        N/A       24%         5
 Petrify                  Tmut/Erth      15%        N/A       36%         4
 Alistair's Intoxication  Tmut/Pois      10%        N/A       73%         5
 Blade Hands              Tmut           7%         N/A       73%         5
 Metabolic Englaciation   Hex/Ice        7%         N/A       73%         5
 Eringya's Noxious Bog    Tmut/Pois      7%         N/A       80%         6
 Statue Form              Tmut/Erth      10%        N/A       99%         6
 Dragon Form              Tmut           7%         N/A       100%        7
 Summon Hydra             Summ           7%         N/A       100%        7


Dungeon Overview and Level Annotations

Branches:
Dungeon (11/15)            Temple (1/1) D:5            Lair (5/5) D:9
  Swamp (0/4) Lair:3        Snake (0/4) Lair:3        Slime (0/5) Lair:4
    Orc (2/2) D:9             Elf (0/3) Orc:2

Altars:
Ashenzari
Cheibriados
Dithmenos
Fedhas
Gozag
Hepliaklqana
Kikubaaqudgha
Makhleb
Nemelex Xobeh
Okawaru
Qazlal
Ru
Sif Muna
Trog
Uskayaw
Vehumet
Wu Jian
Xom
Yredelemnul
Jiyva

Shops:
D:5 (   D:6 (!   Orc:2 *![

Annotations:
D:11 Snorg


Innate Abilities, Weirdness & Mutations

You have a pair of horns on your head.
You are surrounded by a moderate repulsion field. (EV +3)
You are partially covered in sharp spines.
A meltable shield of frost defends you. (SH +4)


Message History

The ogre attacks as you move away! The ogre is struck by your spines.
The ogre hits you with a +0 giant club!
You take 15 damage, and have 34/99 hp.
The orc warrior attacks as you move away!
The orc warrior closely misses you.
Casting: Airstrike (safe; 1% risk of failure)
Confirm with . or Enter, or press ? or * to list all spells.
You miscast Olgreb's Toxic Radiance.
You are very lightly contaminated with residual magic.
You feel incredibly sick.
You are poisoned.
You resist.
You feel sick.
The orc warrior no longer looks unusually strong.
The orc warrior hits you from afar with a +0 trident.
* * * LOW HITPOINT WARNING * * *
The ogre is struck by your spines.
You kill the ogre!
Vehumet accepts your kill.
You feel your power returning.
The orc warrior hits you with a +0 war axe!
* * * LOW HITPOINT WARNING * * *
The orc warrior misses you.
The orc warlord roars a battlecry!
The orc warrior goes into a battle-frenzy!
You take 21 damage, and have 15/99 hp.
MASSIVE DAMAGE!!
You now have 4/28 mp.
You feel much better.
You feel sick.
The orc warrior looks more healthy.
The orc warrior hits you from afar with a +0 halberd.
The orc warrior barely misses you. The orc sorcerer casts a spell at you.
You suddenly lose the ability to move!
The orc warrior hits you with a +0 war axe.
* * * LOW HITPOINT WARNING * * *
You feel sick.
The orc warrior hits you from afar with a +0 halberd!
* * * LOW HITPOINT WARNING * * *
The orc warrior hits you from afar with a +0 trident!
* * * LOW HITPOINT WARNING * * *
The orc sorcerer casts a spell.
The orc warrior hits you with a +0 war axe!
You die...

##..........# O.
##.......)...# #............#
.. .... ##.#......o..# ...
#.... ##.......o.o..###...
##....
#........4.....###..###.....
##..#.#.....oo...............
#...###....o)......).........
##.#)#...#..@..#......#......
##..).......................
##.#...#.###.#.............
##......####.........)...)
##......##........).)....
###....#...........))...
##.............)..))..
#...............).<...
#.................))).


You could see an orc warlord, an orange demon (summoned), an orc sorcerer
(strong) and 4 orc warriors.

Vanquished Creatures
  2 hydras (Lair:2)
  4 ogre magi (Orc:2)
  Harold (D:9)
  14 two-headed ogres
  Urug (D:11)
  Pikel (D:5)
  4 bog bodies (Lair:3)
  A manticore (D:11)
  Maurice (D:9)
  A black mamba (Lair:4)
  An eye of devastation (Lair:4)
  7 cane toads
  4 komodo dragons
  2 trolls
  2 polar bears
  A hornet (D:8)
  5 blink frogs (Lair:5)
  2 dream sheep (Lair:3)
  2 shadows
  A slime creature (Lair:5)
  A wraith (D:9)
  24 yaks
  2 wyverns
  Eustachio (D:5)
  A basilisk (Lair:2)
  4 vampire mosquitoes (D:11)
  A swamp worm (Lair:3)
  3 nagas (Lair:3)
  9 water moccasins
  A floating eye (Lair:4)
  8 orc warriors
  An ice beast (D:5)
  2 sky beasts (D:6)
  27 ogres
  13 wolves
  4 centaurs
  A phantom (D:6)
  4 kobold brigands
  9 bullfrogs
  4 scorpions
  2 gnoll sergeants
  4 wights (D:9)
  10 killer bees
  2 howler monkeys
  3 electric eels
  3 jellies
  2 gnoll boudas
  8 orc priests
  4 hounds
  2 sleepcaps
  3 iguanas
  A hell rat (Lair:3)
  17 orc wizards
  12 gnolls
  5 adders
  2 shadow imps
  2 worms (D:3)
  8 dart slugs
  39 orcs
  8 ball pythons
  4 endoplasms (D:1)
  A giant cockroach (D:1)
  9 goblins
  3 hobgoblins
  3 jackals (D:4)
  5 quokkas
  5 bats
  A frilled lizard (D:3)
  13 kobolds
  A rat (D:1)
359 creatures vanquished.

Vanquished Creatures (others)
  19 fungi
  25 plants
44 creatures vanquished.

Grand Total: 403 creatures vanquished

Notes
Turn   | Place    | Note
-------+----------+-------------------------------------------
     0 | D:1      | jasper the Demonspawn Air Elementalist began the quest for
                  | the Orb.
     0 | D:1      | Reached XP level 1. HP: 13/13 MP: 3/3
   223 | D:1      | Gained mutation: You are surrounded by a mild repulsion
                  | field. (EV +2) [demonic ancestry]
   223 | D:1      | Reached XP level 2. HP: 19/19 MP: 0/5
  1172 | D:1      | Reached XP level 3. HP: 24/24 MP: 1/6
  1175 | D:1      | Learned a level 2 spell: Static Discharge
  1179 | D:1      | Learned a level 3 spell: Swiftness
  1734 | D:2      | Identified the +8 spear "Tuatuynk" {vamp, rF+ rC+ Int+3}
  1834 | D:2      | You fall into a shaft and drop 1 floor!
  2136 | D:3      | Reached XP level 4. HP: 30/30 MP: 1/8
  2154 | D:3      | Noticed a scorpion
  2160 | D:3      | Killed a scorpion
  2327 | D:3      | Gained mutation: You have a pair of small horns on your
                  | head. [demonic ancestry]
  2327 | D:3      | Reached XP level 5. HP: 35/35 MP: 6/9
  3247 | D:4      | Noticed an ogre
  3258 | D:4      | Killed an ogre
  3259 | D:4      | Reached XP level 6. HP: 20/41 MP: 2/11
  3938 | D:5      | Entered Level 5 of the Dungeon
  3938 | D:5      | Noticed Eustachio
  3948 | D:5      | Killed Eustachio
  3949 | D:5      | Gained mutation: You are surrounded by a moderate repulsion
                  | field. (EV +3) [demonic ancestry]
  3949 | D:5      | Reached XP level 7. HP: 46/46 MP: 3/13
  4313 | D:5      | Reached skill level 5 in Air Magic
  4561 | D:5      | Found a staircase to the Ecumenical Temple.
  4567 | Temple   | Entered the Ecumenical Temple
  4763 | Temple   | Became a worshipper of Vehumet
  4851 | D:5      | Reached skill level 5 in Conjurations
  4897 | D:5      | Reached skill level 5 in Spellcasting
  5009 | D:5      | Gained mutation: A meltable shield of frost defends you.
                  | (SH +4) [demonic ancestry]
  5009 | D:5      | Reached XP level 8. HP: 48/52 MP: 7/15
  5014 | D:5      | Learned a level 4 spell: Airstrike
  5167 | D:5      | Found Mivizol's Weapon Shoppe.
  5546 | D:5      | Learned a level 2 spell: Passwall
  5565 | D:6      | Found Fewnaimul's Antique Weapon Shop.
  5961 | D:6      | Noticed Pikel
  6089 | D:5      | Killed Pikel
  6267 | D:6      | Reached XP level 9. HP: 57/57 MP: 9/18
  6480 | D:6      | Found Mipniet's Distillery.
  6488 | D:6      | Bought a potion of curing for 39 gold pieces
  6488 | D:6      | Bought 2 potions of curing for 78 gold pieces
  6488 | D:6      | Bought a potion of heal wounds for 65 gold pieces
  6488 | D:6      | Bought a potion of curing for 39 gold pieces
  6488 | D:6      | Bought a potion of curing for 39 gold pieces
  6488 | D:6      | Bought a potion of brilliance for 52 gold pieces
  6503 | D:6      | Found a stormy altar of Qazlal.
  7507 | D:7      | Identified the +0 cloak of the Fiend {Str+4}
  7542 | D:7      | Reached * piety under Vehumet
  7542 | D:7      | Offered knowledge of Kiss of Death by Vehumet.
  7960 | D:7      | Noticed a troll
  7971 | D:7      | Killed a troll
  8268 | D:7      | Found a bloodstained altar of Trog.
  8271 | D:7      | Found a broken altar of Ashenzari.
  8835 | D:8      | Noticed a two-headed ogre
  8999 | D:8      | Gained mutation: You are partially covered in sharp spines.
                  | [demonic ancestry]
  8999 | D:8      | Reached XP level 10. HP: 63/63 MP: 2/21
  9114 | D:8      | Noticed a two-headed ogre
  9119 | D:8      | Killed a two-headed ogre
  9206 | D:8      | Killed a two-headed ogre
  9468 | D:7      | Reached skill level 1 in Fighting
 10261 | D:9      | Noticed Maurice
 10385 | D:9      | Killed Maurice
 10599 | D:9      | Reached ** piety under Vehumet
 10599 | D:9      | Offered knowledge of Foxfire by Vehumet.
 10863 | D:9      | Found a staircase to the Lair.
 10892 | D:9      | Noticed Harold
 10919 | D:9      | Killed Harold
 11028 | D:9      | Noticed a two-headed ogre
 11032 | D:9      | Killed a two-headed ogre
 11033 | D:9      | Reached XP level 11. HP: 75/75 MP: 13/24
 11432 | D:9      | Found a staircase to the Orcish Mines.
 11744 | D:10     | Entered Level 10 of the Dungeon
 11877 | D:10     | Reached skill level 10 in Air Magic
 12764 | D:11     | Noticed Urug
 12772 | D:11     | Killed Urug
 12975 | D:11     | Offered knowledge of Dazzling Flash by Vehumet.
 13088 | D:11     | Noticed Snorg
 13189 | Lair:1   | Entered Level 1 of the Lair of Beasts
 13502 | Lair:1   | Reached *** piety under Vehumet
 13941 | Lair:1   | Learned a level 4 spell: Olgreb's Toxic Radiance
 14198 | Lair:2   | Reached skill level 5 in Dodging
 14206 | Lair:2   | Reached skill level 5 in Fighting
 14406 | Lair:2   | Offered knowledge of Iskenderun's Mystic Blast by Vehumet.
 14529 | Lair:2   | Noticed a four-headed hydra
 14535 | Lair:2   | Killed a four-headed hydra
 14536 | Lair:2   | Reached XP level 12. HP: 86/86 MP: 14/25
 14603 | Lair:2   | Learned a level 2 spell: Sublimation of Blood
 14616 | Lair:2   | Reached skill level 1 in Necromancy
 14933 | Lair:2   | Noticed a four-headed hydra
 14937 | Lair:2   | Killed a four-headed hydra
 14938 | Lair:2   | Reached skill level 10 in Spellcasting
 14998 | Lair:2   | Identified the +3 leather armour of Crawling {rF+}
 15491 | Lair:3   | Reached **** piety under Vehumet
 15598 | Lair:3   | Found a staircase to the Snake Pit.
 15651 | Lair:3   | Offered knowledge of Fireball by Vehumet.
 15809 | Lair:3   | Learned a level 5 spell: Fireball
 16188 | Lair:3   | Reached skill level 5 in Necromancy
 16343 | Lair:3   | Found a staircase to the Swamp.
 16493 | Lair:4   | Identified a scroll of acquirement
 16494 | Lair:4   | Acquired a staff of air
 16940 | Lair:4   | Found a viscous altar of Jiyva.
 16941 | Lair:4   | Found a staircase to the Slime Pits.
 17135 | Lair:5   | Entered Level 5 of the Lair of Beasts
 17177 | Lair:5   | Noticed a death yak
 17177 | Lair:5   | Noticed a death yak
 17177 | Lair:5   | Noticed a death yak
 17757 | Lair:5   | Noticed a quicksilver ooze
 17927 | Orc:1    | Entered Level 1 of the Orcish Mines
 18083 | Orc:2    | Entered Level 2 of the Orcish Mines
 18093 | Orc:2    | Noticed a two-headed ogre
 18094 | Orc:2    | Noticed a two-headed ogre
 18095 | Orc:2    | Noticed a two-headed ogre
 18096 | Orc:2    | Noticed an ogre mage
 18100 | Orc:2    | Killed a two-headed ogre
 18100 | Orc:2    | Killed a two-headed ogre
 18100 | Orc:2    | Killed a two-headed ogre
 18100 | Orc:2    | Killed an ogre mage
 18101 | Orc:2    | Gained mutation: You have a pair of horns on your head.
                  | [demonic ancestry]
 18101 | Orc:2    | Reached XP level 13. HP: 25/96 MP: 9/27
 18102 | Orc:2    | Found a staircase to the Elven Halls.
 18124 | Orc:2    | Reached ***** piety under Vehumet
 18126 | Orc:2    | Offered knowledge of Fulminant Prism by Vehumet.
 18741 | Orc:2    | Paralysed by something for 4 turns
 18768 | Orc:2    | Paralysed by something for 4 turns
 18773 | Orc:2    | Paralysed by something for 4 turns
 19073 | Orc:2    | Found Zageliuc's Overcharged Wands.
 19170 | Orc:2    | Noticed an orc warlord
 19183 | Orc:2    | Found Ehomeonio's Antique Armour Emporium.
 19184 | Orc:2    | Found Pualoina's Distillery.
 19206 | Orc:2    | Paralysed by an orc sorcerer for 3 turns
 19207 | Orc:2    | Slain by an orc warrior

Illustrated notes

Levels and vault maps discovered:
D:1:      saegor_arrival_simple_e, layout_basic
D:2:      layout_loops_cross, nicolae_titane, uniq_robin
D:3:      layout_loops_ring, hangedman_decor_push, lemuel_flame_loot_1
D:4:      layout_gridville, serial_glass, glass_columns_b, glass_columns_b
D:5:      layout_gridville, minmay_temple_entry_hall, serial_shops, shop,
          uniq_eustachio
D:6:      layout_basic, nicolae_qazlal_style_of_elements, serial_shops,
          nicolae_shop_statue_plus, nicolae_shop_waterfront,
          portal_sewer_entry_d, uniq_pikel
D:7:      layout_cave_pools, nicolae_overflow_squiral, minmay_fractal_squares_5
D:8:      layout_cave_pools
D:9:      layout_gridville, lair_entry_dummy, orc_0_dummy,
          kennysheep_generic_room_9, uniq_harold, uniq_maurice
D:10:     cheibrodos_iron_armory, layout_basic
D:11:     layout_basic, special_room [special_room_bee], uniq_snorg, uniq_urug
Temple:   nicolae_temple_bog_church
Lair:1:   layout_roguey
Lair:2:   layout_long_grid, grunt_megastairs_3, lemuel_fruit_tree
Lair:3:   layout_hall_layers, nicolae_swamp_entry_splash_gauntlet,
          minmay_snake_entry_guardpost_medium, st_stairs_6,
          dreamdust_gnoll_shepherd, serial_bayou_shore_a, uniq_gastronok
Lair:4:   layout_hall_layers, minmay_slime_entry_eyes
Lair:5:   hangedman_lair_caniforms_friends, layout_regular_city,
          guppyfry_lair_end_dragon, nicolae_lair_time_for_slime, uniq_sonja
Orc:1:    layout_diamond_mine, nicolae_orc_lava_room
Orc:2:    st_orc_ogre_mass, layout_caves, nicolae_shop_overcharged_wands

Skill      XL: |  1  2  3  4  5  6  7  8  9 10 11 12 13 |
---------------+----------------------------------------+-----
Air Magic      | 3 4 5 6 8 9 11 | 11.3
Conjurations   | 2 3 4 5 6 8 9 |  9.0
Spellcasting   | 3 4 5 6 7 9 10 11 | 11.5
Dodging        | 3 5 7 8 |  8.2
Fighting       | 3 5 7 8 |  8.7
Necromancy     | 7 |  7.4
Stealth        | |  1.7

Action                     |  1- 3 |  4- 6 |  7- 9 | 10-12 | 13-15 || total
---------------------------+-------+-------+-------+-------+-------++-------
  Melee: Dagger            |     8 |       |       |       |       ||     8
         Spear             |       |     8 |    29 |    59 |       ||    96
         Headbutt          |       |     1 |     3 |    11 |     2 ||    17
         Staff             |       |       |       |     3 |     4 ||     7
   Cast: Shock             |    91 |    89 |    75 |    86 |    17 ||   358
         Static Discharge  |       |     8 |     6 |       |       ||    14
         Airstrike         |       |       |    82 |   221 |    83 ||   386
         Swiftness         |       |       |     1 |     1 |       ||     2
         Olgreb's Toxic Ra |       |       |       |    14 |     5 ||    19
         Sublimation of Bl |       |       |       |     3 |    21 ||    24
         Fireball          |       |       |       |     2 |       ||     2
  Evoke: Wand              |       |       |     1 |       |       ||     1
    Use: Scroll            |       |    12 |     4 |    13 |       ||    29
         Potion            |       |     4 |       |     4 |     2 ||    10
   Stab: Sleeping          |       |       |       |     1 |       ||     1
 Armour: Robe              |     1 |     4 |    10 |    20 |     4 ||    39
  Dodge: Dodged            |    10 |    27 |    29 |   154 |    24 ||   244
  Block: Other             |       |       |     8 |    42 |     4 ||    54

Table legend: (Time is in decaauts)
 A = Elapsed time spent in this place.
 B = Non-inter-level travel time spent in this place.
 C = Inter-level travel time spent in this place.
 D = Time resting spent in this place.
 E = Time spent auto-exploring this place.
 F = Levels seen in this place.
 G = Mean time per level.
                   A        B        C        D        E       F      G
               +--------+--------+--------+--------+--------+-----+--------+
         Total |  19234 |  18563 |    671 |   2888 |  13368 |  19 | 1012.3 |
       Dungeon |  13044 |  12671 |    373 |   1607 |   9619 |  11 | 1185.8 |
        Temple |    208 |    183 |     25 |      0 |    168 |   1 |  208.0 |
          Lair |   4701 |   4461 |    240 |    687 |   3220 |   5 |  940.2 |
  Orcish Mines |   1279 |   1247 |     32 |    594 |    361 |   2 |  639.5 |
               +--------+--------+--------+--------+--------+-----+--------+

Top non-repeatable levels by time:
     D:5: 1768 daAuts
     D:7: 1728 daAuts
     D:6: 1595 daAuts
     D:9: 1587 daAuts
  Lair:2: 1409 daAuts
     D:1: 1251 daAuts
     D:3: 1150 daAuts
   Orc:2: 1122 daAuts
     D:8: 1049 daAuts
    D:10: 1027 daAuts
  Lair:3: 991 daAuts
     D:4: 954 daAuts
  Lair:1: 916 daAuts
  Lair:4: 855 daAuts
     D:2: 579 daAuts
